 Dungeon Crawl Stone Soup version 0.21-a0-426-g98080a9 (webtiles) character file.

47 nikopol the Firebug (level 3, 0/19 HPs)
             Began as a Deep Elf Fire Elementalist on Nov 6, 2017.
             Killed from afar by a dart slug (6 damage)
             ... with a slug dart
             ... on level 2 of the Dungeon.
             The game lasted 00:03:47 (1227 turns).

nikopol the Firebug (Deep Elf Fire Elementalist)    Turns: 1227, Time: 00:03:48

Health: 0/19       AC:  3    Str:  5    XL:     3   Next: 48%
Magic:  8/10       EV: 13    Int: 20    God:
Gold:   39         SH:  0    Dex: 15    Spells: 3/9 levels left

rFire    . . .     SeeInvis .   h - +0 dagger
rCold    . . .     Gourm    .   (no shield)
rNeg     . . .     Faith    .   a - +0 robe
rPois    .         Spirit   .   (no helmet)
rElec    .         Reflect  .   (no cloak)
rCorr    .         Harm     .   g - +0 pair of gloves
MR       .....                  (no boots)
Stlth    ++........             (no amulet)
HPRegen  0.06/turn              (no ring)
MPRegen  0.12/turn              (no ring)

@: no status effects
A: no striking features
a: no special abilities


You were on level 2 of the Dungeon.
You were not hungry.

You visited 1 branch of the dungeon, and saw 2 of its levels.

You collected 39 gold pieces.

Inventory:

Hand Weapons
 h - a +0 dagger (weapon)
Armour
 a - a +0 robe (worn)
 g - a +0 pair of gloves (worn)
Jewellery
 k - an uncursed amulet of faith {unknown}
Scrolls
 d - a scroll of remove curse {unknown}
 f - a scroll of blinking {unknown}
 n - a scroll of random uselessness {unknown}
Potions
 e - a potion of flight {unknown}
 m - a potion of might {unknown}
Books
 b - a book of Flames

   Spells                             Type                      Level
   a - Flame Tongue                   Conjuration/Fire             1
   b - Throw Flame                    Conjuration/Fire             2
   c - Conjure Flame                  Conjuration/Fire             3
   d - Inner Flame                    Hexes/Fire                   3
   e - Sticky Flame                   Conjuration/Fire             4
   f - Fireball                       Conjuration/Fire             5
Comestibles
 c - a bread ration
 i - a royal jelly
 l - a meat ration


   Skills:
 + Level 2.8 Dodging
 + Level 2.7 Stealth
 + Level 3.7 Spellcasting
 + Level 1.7 Conjurations
 + Level 4.0 Fire Magic


You had 3 spell levels left.
You knew the following spells:

 Your Spells              Type           Power        Failure   Level  Hunger
a - Flame Tongue          Conj/Fire      ###..        4%          1    None
b - Throw Flame           Conj/Fire      ###...       6%          2    ##.....
c - Conjure Flame         Conj/Fire      ###.....     12%         3    ###....


Dungeon Overview and Level Annotations

Branches:
Dungeon (2/15)

Altars:

Annotations:
D:2 Terence


Message History

The howler monkey hoots and howls with incredible vigour!
The adder misses you. The howler monkey closely misses you.
The adder barely misses you.
A hobgoblin comes into view. It is wielding a club.
The adder barely misses you.
The howler monkey hoots and howls with incredible vigour!
You hear an angry hiss.
The adder closely misses you. The rat closely misses you.
Terence says, "Don't bother to defend, it's senseless."
The rat bites you but does no damage.
You hit the dart slug.
The dart slug is lightly wounded.
The adder bites you but does no damage. The howler monkey hits you.
The rat bites you but does no damage.
The dart slug bites you but does no damage.
The adder closely misses you.
That item cannot be evoked!
The dart slug launches a dart at you. The slug dart hits you!
You die...

#.........# #.##.##.# #
#.......# #.#..##.# ###. #...#
#.#.###.# ...### #..@#
###<#.###.# ##.... #...#
#.........(
##.....#####...#####.###....##
#....................###.#..##
#...........gwr..........#....
#...$.$.%....@hS.....##..#..##
........####...#####.........>
........# #...# #.##.......
#.#.###.# #...# #.##..#..##
#.. .S# #...# #.##.....## ##
... ....# #.###.#.... ..##
###### #.......... ..
###########


You could see Terence, a howler monkey, an adder, a dart slug, a hobgoblin and a
rat.

Vanquished Creatures
  3 oozes (D:1)
  A dart slug (D:1)
  2 leopard geckos (D:1)
  3 giant cockroaches (D:1)
  A goblin (D:1)
  5 hobgoblins (D:1)
  2 jackals (D:1)
  2 kobolds (D:1)
  A quokka (D:2)
  4 bats (D:1)
  A frilled lizard (D:1)
  2 rats (D:1)
27 creatures vanquished.

Notes
Turn   | Place    | Note
-------+----------+-------------------------------------------
     0 | D:1      | nikopol the Deep Elf Fire Elementalist began the quest for the Orb.
     0 | D:1      | Reached XP level 1. HP: 10/10 MP: 6/6
   172 | D:1      | Reached XP level 2. HP: 12/15 MP: 2/8
   674 | D:1      | Reached XP level 3. HP: 14/19 MP: 8/10
   683 | D:1      | Reached skill level 4 in Fire Magic
  1174 | D:2      | Noticed Terence
  1190 | D:2      | Learned a level 2 spell: Throw Flame
  1194 | D:2      | Learned a level 3 spell: Conjure Flame
  1227 | D:2      | Killed from afar by a dart slug

Vault maps used:
D:1:      dpeg_arrival_erosion, st_stairs_12, grunt_decor_one_mirror
D:2:      uniq_terence

Skill      XL: |  1  2  3 |
---------------+----------+-----
Fire Magic     | 4 |  4.0
Dodging        | |  2.8
Stealth        | |  2.7
Spellcasting   | |  3.7
Conjurations   | |  1.7

Action                   || total
-------------------------++-------
Melee: Unarmed           ||     1
       Dagger            ||     3
 Cast: Flame Tongue      ||    64
  Eat: Chunk             ||     1
Armor: Robe              ||    16
Dodge: Dodged            ||    37

Table legend:
 A = Spawn XP
 B = Non-spawn XP
 C = Spawn XP percentage of total XP
 D = Spawn monster count
 E = Non-spawn monster count
 F = Spawn count percentage of total count
 G = Total turns spent on level
                    A         B        C        D         E        F      G
               +---------+---------+-------+---------+---------+-------+---------
         Total |       0 |      68 |   0.0 |       0 |      27 |   0.0 |  1227
               +---------+---------+-------+---------+---------+-------+---------
           D:1 |       0 |      66 |   0.0 |       0 |      26 |   0.0 |  1054
           D:2 |       0 |       2 |   0.0 |       0 |       1 |   0.0 |   173
               +---------+---------+-------+---------+---------+-------+---------
